 Dungeon Crawl Stone Soup version 0.27.1-33-g824d729ab1 (webtiles) character file.

Game seed: 7053555809322311054

176 safid the Skirmisher (level 5, -4/47 HPs)
             Began as a Hill Orc Fighter on Dec 15, 2021.
             Slain by Grinder (5 damage)
             ... while paralysed by Grinder
             ... on level 3 of the Dungeon.
             The game lasted 00:05:01 (3478 turns).

safid the Skirmisher (Hill Orc Fighter)             Turns: 3478, Time: 00:05:01

Health: -4/47      AC:  7    Str: 26    XL:     5   Next: 56%
Magic:  5/5        EV:  2    Int:  8    God:
Gold:   106        SH:  0    Dex: 10    Spells: 4/4 levels left

rFire    . . .     SeeInvis .   a - +0 war axe
rCold    . . .     Faith    .   c - +0 kite shield
rNeg     . . .     Spirit   .   b - +0 scale mail
rPois    .         Reflect  .   (no helmet)
rElec    .         Harm     .   (no cloak)
rCorr    .         Rampage  .   (no gloves)
Will     .....                  (no boots)
Stlth    ..........             (no amulet)
HPRegen  0.15/turn              h - +6 ring of strength
MPRegen  0.09/turn              (no ring)

@: paralysed
A: no striking features
a: no special abilities


You were on level 3 of the Dungeon.
You visited 1 branch of the dungeon, and saw 3 of its levels.

You collected 106 gold pieces.

Inventory:

Hand Weapons
 a - a +0 war axe (weapon)
 d - a +1 flail of holy wrath
Missiles
 f - 2 atropa-tipped darts
 g - 2 boomerangs (quivered)
Armour
 b - a +0 scale mail (worn)
 c - a +0 kite shield (worn)
Jewellery
 h - a +6 ring of strength (left hand)
Wands
 s - a wand of polymorph (4)
Scrolls
 e - 3 scrolls of enchant armour {unknown}
 j - a scroll of fog {unknown}
 k - a scroll of enchant weapon {unknown}
 l - a scroll of teleportation {unknown}
 m - 3 scrolls of immolation {unknown}
 o - a scroll of silence {unknown}
 t - a scroll of identify {unknown}
 u - a scroll of vulnerability {unknown}
Potions
 i - a potion of mutation {unknown}
 n - a potion of haste
 p - a potion of flight {unknown}
 q - a potion of curing {unknown}
 r - a potion of degeneration {unknown}


   Skills:
 + Level 4.8 Fighting
 + Level 4.3 Axes
 + Level 4.3 Armour
 + Level 4.3 Shields


You had 4 spell levels left.
You didn't know any spells.
Your spell library contained the following spells:

 Spells                   Type           Power      Damage    Failure   Level
 Static Discharge         Conj/Air       0%         N/A       99%         2
 Lightning Bolt           Conj/Air       0%         1d11      100%        5
 Maxwell's Capacitive Co  Air            0%         ∞         100%        8


Dungeon Overview and Level Annotations

Branches:
Dungeon (3/15)

Altars:

Annotations:
D:3 Grinder


Message History

Grinder gestures at you.
You barely resist. Grinder hits you!
You writhe in agony.
You slash Grinder!
Grinder is moderately wounded.
Grinder hits you.
You writhe in agony.
Grinder blinks!
Grinder hits you.
You writhe in agony.
Grinder gestures at you.
You barely resist.
You are too injured to fight recklessly!
You are too injured to fight recklessly!
You are too injured to fight recklessly!
You are too injured to fight recklessly!
You slash Grinder!
Grinder is heavily wounded.
You block Grinder's attack.
Grinder blinks!
Throw: 2 boomerangs
Press: ? - help, Q - select action, (/) - cycle Shift-Dir - straight line, f - Grinder
Aim: Grinder (heavily wounded, fast, 53% to hit)
You throw a boomerang. The boomerang barely misses Grinder.
Unknown command.
Throw: 2 boomerangs
Press: ? - help, Q - select action, (/) - cycle Shift-Dir - straight line, f/p - Grinder
Aim: Grinder (heavily wounded, fast, 53% to hit)
You throw a boomerang. The boomerang hits Grinder.
Grinder is severely wounded.
Grinder gestures at you.
You suddenly lose the ability to move!
Grinder blinks!
Grinder blinks!
Grinder gestures at you.
You shrug off the repeated paralysis!
Grinder says, "There's only one good use for a tongue: cutting it out."
Grinder hits you.
* * * LOW HITPOINT WARNING * * *
You writhe in agony.
* * * LOW HITPOINT WARNING * * *
Grinder hits you but does no damage. Grinder hits you.
* * * LOW HITPOINT WARNING * * *
You writhe in agony.
You die...

### #..
#.# #.#
#.# #5#
#@# #.#
#.###
#...#
###.# #.#
#########
#.#
#.#.#...#
#.#
##.#.....
#.#
#.#..#.#.


You could see Grinder (fast).

Vanquished Creatures
  An iguana (D:3)
  Terence (D:3)
  3 gnolls (D:2)
  2 adders
  2 dart slugs (D:1)
  4 orcs (D:3)
  9 bats
  4 endoplasms
  2 giant cockroaches (D:3)
  9 goblins
  2 hobgoblins (D:3)
  3 jackals (D:1)
  3 quokkas
  9 ball pythons
  5 frilled lizards
  4 kobolds (D:1)
  6 rats
69 creatures vanquished.

Notes
Turn   | Place    | Note
-------+----------+-------------------------------------------
     0 | D:1      | safid the Hill Orc Fighter began the quest for the Orb.
     0 | D:1      | Reached XP level 1. HP: 19/19 MP: 1/1
    89 | D:1      | Reached XP level 2. HP: 22/27 MP: 2/2
   485 | D:1      | Found a faded altar of an unknown god.
  1387 | D:2      | Reached XP level 3. HP: 8/33 MP: 3/3
  1782 | D:2      | Reached XP level 4. HP: 39/40 MP: 4/4
  2606 | D:3      | Noticed Terence
  2610 | D:3      | Killed Terence
  2615 | D:3      | Reached XP level 5. HP: 45/47 MP: 5/5
  3103 | D:3      | Noticed Sigmund
  3104 | D:3      | Noticed Sigmund
  3104 | D:3      | Sigmund changed into Sigmund the iguana
  3113 | D:3      | Killed Sigmund the iguana
  3462 | D:3      | Noticed Grinder
  3463 | D:3      | Paralysed by Grinder for 4 turns
  3474 | D:3      | Paralysed by Grinder for 7 turns
  3478 | D:3      | HP: 1/47 [Grinder (6)]
  3478 | D:3      | Slain by Grinder

Illustrated notes

Levels and vault maps discovered:
D:1:      minmay_arrival_nine_rooms, layout_loops_ring,
          shapermc_ecumenical_altar_flowoftime
D:2:      layout_loops_corners
D:3:      minmay_diamond_boxcup, layout_loops_ring, uniq_terence, uniq_grinder,
          uniq_sigmund

Skill      XL: |  1  2  3  4 |
---------------+-------------+-----
Axes           | 3 4 |  4.3
Fighting       | 4 |  4.8
Armour         | 4 |  4.3
Shields        | 4 |  4.3

Action                   |  1- 3 |  4- 6 || total
-------------------------+-------+-------++-------
Melee: War axe           |    81 |   117 ||   198
Throw: Boomerang         |     1 |     3 ||     4
Evoke: Wand              |       |     1 ||     1
  Use: Potion            |       |     1 ||     1
Armor: Scale mail        |    32 |    62 ||    94
Dodge: Dodged            |    36 |    39 ||    75
Block: Kite shield       |    56 |    68 ||   124
